 Dungeon Crawl Stone Soup version 0.30-a0-986-g7f2e898f52 (webtiles) character file.

Game seed: 11433430787082570128

221 bande the Covered (level 5, -1/33 HPs)
             Began as a Gargoyle Fighter on Apr 2, 2023.
             Killed by divine providence
             ... invoked by an orc priest
              (12 damage)
             ... on level 5 of the Dungeon.
             The game lasted 00:04:17 (3552 turns).

bande the Covered (Gargoyle Fighter)                Turns: 3552, Time: 00:04:18

Health: -1/33      AC: 18    Str: 20    XL:     5   Next: 98%
Magic:  5/5        EV:  5    Int:  8    God:
Gold:   119        SH:  4    Dex: 11    Spells: 4/4 levels left

rFire   . . .      SeeInvis +    a - +0 war axe
rCold   . . .      Faith    .    c - +0 buckler
rNeg    + . .      Spirit   .    h - +0 plate armour
rPois   ∞          Reflect  .    (no helmet)
rElec   +          Rampage  .    j - +0 cloak
rCorr   .                        i - +0 pair of gloves
Will    .....                    (no boots) Stlth
                                 (no amulet)
HPRegen 0.25/turn                k - ring of see invisible
MPRegen 0.09/turn                (no ring)

@: no status effects
A: sickness immunity, AC +4, negative energy resistance 1, electricity
resistance, torment resistance 1, petrification resistance
a: no special abilities


You were on level 5 of the Dungeon.
You visited 1 branch of the dungeon, and saw 4 of its levels.

You collected 119 gold pieces.

Inventory:

Hand Weapons
 a - a +0 war axe (weapon)
 l - a +0 flail
Armour
 c - a +0 buckler (worn)
 h - a +0 plate armour (worn)
 i - a +0 pair of gloves (worn)
 j - a +0 cloak (worn)
Jewellery
 k - a ring of see invisible (left hand)
Wands
 m - a wand of roots (10)
 n - a wand of quicksilver (11)
Potions
 d - 2 potions of might
 e - 2 potions of heal wounds
 g - 2 potions of haste


   Skills:
 + Level 4.2 Fighting
 + Level 3.6 Axes
 + Level 4.5 Armour
 + Level 3.9 Shields
 * Level 0.5 Evocations


You had 4 spell levels left.
You didn't know any spells.
Your spell library was empty.

Dungeon Overview and Level Annotations

Branches:
Dungeon (3/15)

Altars:
Ru

Annotations:
D:3 3 runed translucent doors, SirDiesAlot's ghost, amateur DsGl


Innate Abilities, Weirdness & Mutations

You are immune to sickness and miasma.
Your stone body is resilient. (AC +4)
You are immune to poison.
You resist negative energy. (rN+)
You are resistant to electric shocks. (rElec)
You are resistant to unholy torment.
You are immune to petrification.


Message History

As you read the scroll labelled OKHLAW GIUFAD, it crumbles to dust.
You feel aware of your surroundings.
You sensed 3 altars.
It was a scroll of magic mapping.
Okay, then.
As you read the scroll of identify, it crumbles to dust.
g - 2 potions of haste HP restored.
An orc comes into view. It is wielding a +0 mace.
The orc shouts!
You hear a shout!
A phantom comes into view.
An adder comes into view.
There are monsters nearby! 2 orcs come into view.
The orc shouts! x2; You hear an angry hiss.
A jelly comes into view.
An orc and 2 orc priests come into view.
The orc is wielding a +2 mace of holy wrath.
Found a sacrificial altar of Ru.
The orc priest shouts! x2
A white imp comes into view.
The white imp shouts, "Run away, thou dankish milk-livered apple-john!"
You block the orc's attack.
You barely miss the orc.
The orc priest invokes the aid of Beogh against you.
Beogh smites you! The orc hits you with a +0 mace. You block the orc's attack.
The orc barely misses you. The orc hits you but does no damage.
You block the phantom's attack.
You slash the phantom!
The phantom is heavily damaged.
You closely miss the orc.
You hit the orc. x2; You block the orc's attack.
The orc hits you but does no damage. The orc hits you with a +0 mace.
The phantom hits you but does no damage.
You barely miss the phantom.
The phantom is heavily damaged.
You closely miss the orc. x2; You hit the orc.
You block the orc's attack. The orc hits you with a +0 short sword.
The orc barely misses you.
The phantom hits you but does no damage.
The phantom hits you. The orc closely misses you.
The orc priest invokes the aid of Beogh against you.
Beogh smites you!
You die...

,* #.#......#~._.~#,,,,,,,,, ,*
####.#.#.##.#~...~#,,***,,,,
,****#......#..#,*.~~~.#,** **,,,
,*#.......####.#,#.....#,,*****,,
,,.....#### #.#*.#...#,,,,,,,,,,
,*###.#*######.##..#.#,.*,,,,**,*
,,,#..,.........o...#...,,,,,,*,*
,,...**######...........,,,,,,,,*
**..** *****#.##@W......,,,,,,,,,
*,,,***,.....Soooo.....,,,,,,,,*
*,,,,,,,###..5#Jo......,,,,,,*,*
****,,,**#........#####,,,,,,,,*
***,,.....,.....,,,,,,,,,,,,,
*,,............,,,,,,,,,,,*
*********.#..,.....###***,,,,,*,*
*,,,,,,,,,.........# *,,,,,***
*,,,,,*****,,,,,,,,* ******* *


You could see a phantom, a jelly, 2 orc priests, an adder, a white imp and 4
orcs.

Vanquished Creatures
  A gnoll sergeant (D:3)
  A scorpion (D:5)
  6 gnolls
  A dart slug (D:1)
  An orc (D:3)
  3 endoplasms (D:1)
  A giant cockroach (D:3)
  9 goblins (D:3)
  7 hobgoblins
  2 kobolds
  3 quokkas (D:1)
  4 ball pythons
  6 bats
  2 frilled lizards
  2 rats
49 creatures vanquished.

Vanquished Creatures (others)
  5 plants (D:1)
5 creatures vanquished.

Grand Total: 54 creatures vanquished

Notes
Turn   | Place    | Note
-------+----------+-------------------------------------------
     0 | D:1      | bande the Gargoyle Fighter began the quest for the Orb.
     0 | D:1      | Reached XP level 1. HP: 14/14 MP: 1/1
   197 | D:1      | Reached XP level 2. HP: 17/19 MP: 2/2
   700 | D:1      | Reached XP level 3. HP: 24/24 MP: 3/3
  1747 | D:3      | Noticed a gnoll sergeant
  2985 | D:3      | Reached XP level 4. HP: 29/29 MP: 4/4
  3001 | D:3      | Killed a gnoll sergeant
  3002 | D:3      | Reached XP level 5. HP: 7/33 MP: 5/5
  3433 | D:3      | Found a runed translucent gate.
  3433 | D:3      | Found a runed translucent gate.
  3433 | D:3      | Found a runed translucent gate.
  3437 | D:3      | Noticed SirDiesAlot's ghost (amateur DsGl)
  3498 | D:3      | You fall into a shaft and drop 2 floors!
  3498 | D:5      | Entered Level 5 of the Dungeon
  3546 | D:5      | Noticed a phantom
  3548 | D:5      | Found a sacrificial altar of Ru.
  3552 | D:5      | Killed from afar by an orc priest

Illustrated notes

Levels and vault maps discovered:
D:1:      beargit_arrival_greenhouse, layout_loops_ring, minivault_11,
          chequers_big_river
D:2:      layout_basic
D:3:      minmay_goblin_kobold_castle, layout_basic, elyvilon_altar_3,
          gammafunk_ghost_split
D:5:      layout_rooms, nicolae_ru_awakened_eye,
          nicolae_yredelemnul_corpse_copse, nicolae_qazlal_scattered_showers,
          hangedman_abyss_or_decor_passed

Skill      XL: |  1  2  3  4 |
---------------+-------------+-----
Axes           | 2 3 |  3.6
Fighting       | 4 |  4.2
Armour         | 4 |  4.5
Shields        | |  3.9
Evocations     | |  0.5

Action                     |  1- 3 |  4- 6 || total
---------------------------+-------+-------++-------
  Melee: War axe           |   116 |    85 ||   201
    Use: Scroll            |     3 |     3 ||     6
 Armour: Scale mail        |    41 |       ||    41
         Plate armour      |    81 |    89 ||   170
  Dodge: Dodged            |    72 |    38 ||   110
  Block: Buckler           |    41 |    26 ||    67

Table legend: (Time is in decaauts)
 A = Elapsed time spent in this place.
 B = Non-inter-level travel time spent in this place.
 C = Inter-level travel time spent in this place.
 D = Time resting spent in this place.
 E = Time spent auto-exploring this place.
 F = Levels seen in this place.
 G = Mean time per level.
                   A        B        C        D        E       F      G
               +--------+--------+--------+--------+--------+-----+--------+
         Total |   3659 |   3601 |     58 |   1565 |   1383 |   4 |  914.8 |
       Dungeon |   3659 |   3601 |     58 |   1565 |   1383 |   4 |  914.8 |
               +--------+--------+--------+--------+--------+-----+--------+

Top non-repeatable levels by time:
     D:2: 1822 daAuts
     D:1: 1167 daAuts
     D:3: 612 daAuts
     D:5: 58 daAuts
